 Dungeon Crawl Stone Soup version 0.19-a0-1899-g2d93087 (webtiles) character file.

51 Arkorax the Sneak (level 3, -9/33 HPs)
             Began as a Naga Assassin on Oct 20, 2016.
             Mangled by a worm (10 damage)
             ... on level 2 of the Dungeon.
             The game lasted 00:01:52 (1688 turns).

Arkorax the Sneak (Naga Assassin)                   Turns: 1688, Time: 00:01:52

Health: -9/33      AC:  3    Str: 14    XL:     3   Next: 81%
Magic:  3/3        EV:  9    Int: 11    God:
Gold:   126        SH:  0    Dex: 12    Spells: 0 memorised, 2 levels left

rFire  . . .     SeeInvis +     a - +2 dagger
rCold  . . .     Gourm    .     c - +0 robe
rNeg   . . .     Faith    .     (no shield)
rPois  +         Spirit   .     (no helmet)
rElec  .         Reflect  .     d - +0 cloak
rCorr  .         Harm     .     (no gloves)
MR     .....                    (no barding)
Stlth  +++.......               (no amulet)
                                (no ring)
                                (no ring)

@: very slow
A: see invisible, deformed body, poison resistance, slowness 2, slow metabolism
1, spit poison 1, AC +1
a: Spit Poison


You were on level 2 of the Dungeon.
You were hungry.

You visited 1 branch of the dungeon, and saw 2 of its levels.

You collected 126 gold pieces.

Inventory:

Hand Weapons
 a - a +2 dagger (weapon)
 b - a +0 blowgun
Missiles
 e - 8 poisoned needles
 f - 2 curare-tipped needles
Armour
 c - a +0 robe (worn)
 d - a +0 cloak (worn)
Scrolls
 h - 3 scrolls of identify {unknown}
 k - a scroll of remove curse {unknown}
Potions
 i - a potion of flight {unknown}
 j - a potion of might {unknown}
Comestibles
 g - a bread ration {!e}


   Skills:
 + Level 2.8 Fighting
 - Level 2.0 Short Blades
 - Level 1.7 Throwing
 + Level 0.8 Armour
 - Level 0.7 Dodging
 - Level 5.8 Stealth
 * Level 2.2 Unarmed Combat


You had 2 spell levels left.
You didn't know any spells.

Dungeon Overview and Level Annotations

Branches:
Dungeon (2/15)

Altars:


Innate Abilities, Weirdness & Mutations

You cannot wear boots.
Your serpentine skin is tough. (AC +1)
You have supernaturally acute eyesight. (SInv)
Armour fits poorly on your strangely shaped body.
Your system is resistant to poisons. (rPois)
You cover ground very slowly.
You have a slow metabolism.
You can spit poison.


Message History

Tha bat barely misses ye.
Tha bat misses ye.
Tha bat closely misses ye.
Tha bat hits ye but does nay damage.
Tha bat hits ye.
* * * LOW HITPOINT WARNIN'
* * *
Found a robe.
Damage: 1 (max 15) Tha bat completely misses ye.
Tha bat misses ye.
Found 16 gold pieces.
Ye hit tha jackal.
Tha jackal be heavily wounded.
Tha bat completely misses ye.
Tha bat hits ye.
* * * LOW HITPOINT WARNIN'
* * * Tha jackal completely misses ye.
Damage: 1 (max 15) Ye barely miss tha jackal.
Tha jackal be heavily wounded.
Tha jackal closely misses ye.
Tha bat hits ye but does nay damage.
Tha jackal barely misses ye.
Ye hit tha jackal.
Tha jackal be almost dead.
Tha bat completely misses ye.
Tha bat hits ye.
* * * LOW HITPOINT WARNIN'
* * * Tha jackal bites ye.
* * * LOW HITPOINT WARNIN'
* * * Ye barely miss tha jackal.
Tha jackal be almost dead.
Tha bat barely misses ye. x2
Tha jackal bites ye but does nay damage.
A jackal comes inta view.
Tha jackal barks!
Ye hit tha jackal.
Ye kill tha jackal!
Tha bat hits ye.
* * * LOW HITPOINT WARNIN'
* * * Ye completely miss tha bat.
Tha bat closely misses ye.
A jackal comes inta view.
Ye barely miss tha worm.
Tha worm be moderately wounded.
Tha jackal barks!
Tha bat hits ye but does nay damage.
Tha bat barely misses ye.
Tha worm completely misses ye.
Ye barely miss tha worm.
Tha worm be moderately wounded.
Tha bat hits ye but does nay damage.
Tha bat hits ye.
* * * LOW HITPOINT WARNIN'
* * * Ye hit tha worm.
Tha worm be heavily wounded.
Tha bat hits ye but does nay damage.
Tha worm bites ye!
Ye die...

#######.# #.##.#
.?......#
#....##..
######.###w.......
#..........h.....>
#.######.####.##..
#.# #h# # #.# #h#
#.# #w####$## #.#
#@.b.[... #)#
######... #.# #.#
#.#### #....#
####.# #.########
#.........


You could see a worm, 2 jackals and a bat.

Vanquished Creatures
  An adder (D:2)
  An ooze (D:1)
  2 dart slugs (D:1)
  A leopard gecko (D:1)
  A ball python (D:2)
  A giant cockroach (D:1)
  5 goblins (D:1)
  3 hobgoblins (D:1)
  3 jackals
  3 bats
  3 frilled lizards
  5 kobolds
  3 rats
32 creatures vanquished.

Notes
Turn   | Place    | Note
-------+----------+-------------------------------------------
     0 | D:1      | Arkorax the Naga Assassin began the quest for the Orb.
     0 | D:1      | Reached XP level 1. HP: 19/19 MP: 1/1
    41 | D:1      | Reached skill level 1 in Unarmed Combat
    41 | D:1      | Reached XP level 2. HP: 11/26 MP: 2/2
   165 | D:1      | HP: 7/26 [hobgoblin (3)]
   592 | D:1      | Reached XP level 3. HP: 23/33 MP: 3/3
   906 | D:1      | Reached skill level 2 in Unarmed Combat
  1673 | D:2      | HP: 6/33 [worm (8)]
  1678 | D:2      | HP: 5/33 [bat (1)]
  1684 | D:2      | HP: 2/33 [bat (1)]
  1688 | D:2      | Mangled by a worm

Vault maps used:
D:1:      ncdulo_watergridlock, hangedman_glass_garden, minmay_tetromino_o2
D:2:      first_bread

Skill      XL: |  1  2  3 |
---------------+----------+-----
Unarmed Combat | 1 2 |  2.2
Fighting       | |  2.8
Short Blades   | |  2.0
Throwing       | |  1.7
Armour         | |  0.8
Dodging        | |  0.7
Stealth        | |  5.8

Action                   || total
-------------------------++-------
Melee: Dagger            ||   111
       Punch             ||     1
 Abil: Spit Poison       ||     3
 Stab: Sleeping          ||     6
  Eat: Chunk             ||     1
Armor: Robe              ||    43
Dodge: Dodged            ||    78

Table legend:
 A = Turns spent in this place as a percentage of turns spent in the entire game.
 B = Non-inter-level travel turns spent in this place as a percentage of non-inter-level travel turns spent in the entire game.
 C = Inter-level travel turns spent in this place as a percentage of turns spent in this place.
 D = Turns resting spent in this place as a percentage of non-inter-level travel turns spent in this place.
 E = Turns spent auto-exploring this place as a percentage of non-inter-level travel turns spent in this place.
 F = Non-inter-level travel turns spent in this place divided by the number of levels of this place that you've seen.
                   A       B       C       D       E      F
               +-------+-------+-------+-------+-------+----------------------
         Total | 100.0 | 100.0 |   0.2 |   2.1 |  10.7 | 233.5
       Dungeon | 100.0 | 100.0 |   0.2 |   2.1 |  10.7 | 233.5
               +-------+-------+-------+-------+-------+----------------------

Vault maps used:
D:1:      ncdulo_watergridlock, hangedman_glass_garden, minmay_tetromino_o2
D:2:      first_bread
